Map: [ESL] Oceanborn

Players

sOs

  • Race: Protoss Protoss
  • League: Master
  • Spawn Location: 5:00

Firefly - Winner!

  • Race: Protoss Protoss
  • Spawn Location: 11:00

Event: IEM Katowice 2024

VOD

Have the link to the VOD?

Description

Time

  • Played on: Dec. 6, 2023, 5:35 a.m.
  • Length: 11:18

All games in this series

Show
View Real Time Build Order
Export as new Build Order

sOs Protoss 

Build Orders: Phoenix Opening 

Get SALT Encoding   

  12  0:00  Probe  
  13  0:12  Probe  
  14  0:16  Pylon  
  14  0:24  Probe (Chrono Boost)  
  16  0:36  Gateway, Probe (Chrono Boost)  
  16  0:43  Probe (Chrono Boost)  
  16  0:46  Assimilator  
  17  0:51  Probe  
  17  0:55  Assimilator  
  18  1:03  Probe (Chrono Boost)  
  19  1:07  Gateway  
  20  1:12  Probe (Chrono Boost)  
  20  1:17  Probe (Chrono Boost)  
  20  1:24  Cybernetics Core  
  21  1:29  Probe  
  22  1:35  Pylon  
  22  1:41  Probe  
  23  1:54  Probe  
  23  1:58  Warp Gate (Chrono Boost)  
  23  2:00  Stalker x2  
  28  2:09  Pylon  
  28  2:22  Pylon  
  28  2:30  Stalker  
  28  2:31  Stalker  
  32  2:57  Nexus  
  32  3:04  Sentry x2  
  36  3:09  Probe  
  37  3:15  Shield Battery  
  37  3:22  Probe  
  37  3:23  Pylon  
  38  3:31  Twilight Council  
  38  3:35  Phoenix, Probe (Chrono Boost)  
  39  3:47  Probe (Chrono Boost)  
  38  3:52  Sentry, Stalker  
  43  3:56  Probe (Chrono Boost)  
  43  4:02  Blink (Chrono Boost)  
  43  4:03  Probe (Chrono Boost)  
  45  4:10  Probe (Chrono Boost)  
  46  4:19  Probe x2 (Chrono Boost)  
  46  4:23  Stalker  
  46  4:37  Probe x2  
  48  4:44  Shield Battery  
  48  4:46  Stalker  
  48  4:47  Stalker  
  48  4:50  Pylon  
  52  4:53  Probe x2  
  54  5:05  Probe x2  
  56  5:11  Stalker x2  
  60  5:17  Assimilator, Probe (Chrono Boost)  
  60  5:19  Probe (Chrono Boost)  
  62  5:21  Robotics Facility  
  63  5:29  Probe (Chrono Boost)  
  63  5:31  Pylon  
  61  5:36  Probe (Chrono Boost)  
  61  5:38  Probe (Chrono Boost)  
  63  5:43  Probe  
  63  5:48  Probe  
  65  5:50  Forge  
  65  5:54  Pylon  
  65  5:56  Probe  
  66  6:00  Probe  
  67  6:07  Nexus  
  67  6:08  Probe  
  67  6:09  Observer  
  69  6:12  Probe  
  70  6:20  Probe  
  70  6:24  Probe  
  72  6:28  Protoss Ground Weapons Level 1  
  72  6:29  Charge  
  72  6:32  Probe  
  73  6:36  Probe  
  73  6:38  Warp Prism (Chrono Boost)  
  78  6:40  Shield Battery  
  78  6:44  Probe  
  77  6:48  Probe  
  77  6:53  Pylon  
  78  6:56  Probe  
  78  6:59  Pylon  
  78  7:00  Probe  
  78  7:09  Immortal (Chrono Boost)  
  78  7:11  Probe (Chrono Boost)  
  78  7:13  Probe (Chrono Boost)  
  81  7:22  Templar Archives  
  83  7:23  Probe (Chrono Boost)  
  83  7:24  Gateway, Probe (Chrono Boost)  
  83  7:26  Gateway  
  83  7:29  Zealot  
  85  7:30  Zealot  
  85  7:32  Probe  
  85  7:36  Shield Battery  
  88  7:39  Probe x2  
  90  7:44  Probe  
  90  7:46  Immortal (Chrono Boost)  
  95  7:54  Stalker x2  
  91  7:59  Probe  
  91  8:00  Probe  
  70  8:13  Immortal (Chrono Boost)  
  70  8:17  Stalker x2  
  73  8:22  Stalker x2  
  66  8:43  Stalker x2  
  66  8:44  Probe  
  66  8:45  Pylon  
  71  8:58  Nexus, Observer (Chrono Boost)  
  66  9:13  Pylon  
  66  9:16  Warp Prism (Chrono Boost), Probe x2  
  66  9:17  Dark Shrine  
  68  9:27  Sentry, Stalker, Pylon  
  72  9:33  Sentry, Stalker  
  80  9:45  Immortal (Chrono Boost)  
  80  9:47  Shield Battery  
  80  9:51  Gateway, Probe x2  
  82  9:53  Gateway  
  82  10:03  Zealot  
  82  10:04  Zealot x3  
  71  10:30  Dark Templar x3  
  71  10:34  Dark Templar  
  75  10:45  Pylon  
  75  10:49  Dark Templar, Zealot  
  78  10:53  Archon  
  76  11:03  Zealot x3  
Show
View Real Time Build Order
Export as new Build Order

Firefly Protoss - Winner!

Build Orders:  

Get SALT Encoding   

  12  0:00  Probe  
  13  0:12  Probe  
  14  0:17  Pylon  
  14  0:24  Probe  
  15  0:35  Gateway  
  15  0:36  Probe (Chrono Boost)  
  16  0:42  Assimilator  
  16  0:47  Probe (Chrono Boost)  
  17  0:52  Probe (Chrono Boost)  
  17  0:56  Assimilator  
  18  1:03  Probe (Chrono Boost)  
  19  1:08  Gateway  
  19  1:14  Probe (Chrono Boost)  
  20  1:19  Probe (Chrono Boost)  
  21  1:26  Cybernetics Core  
  21  1:30  Probe  
  22  1:40  Pylon  
  22  1:42  Probe  
  23  2:00  Warp Gate (Chrono Boost)  
  24  2:03  Stalker x2  
  27  2:11  Pylon  
  27  2:26  Pylon  
  27  2:33  Stalker x2  
  31  2:54  Nexus  
  31  2:56  Probe  
  32  3:08  Sentry  
  32  3:09  Sentry  
  32  3:10  Probe  
  36  3:16  Pylon  
  36  3:26  Probe  
  35  3:28  Robotics Facility  
  33  3:47  Adept x2  
  33  3:48  Probe (Chrono Boost)  
  36  3:59  Shield Battery  
  36  4:00  Probe (Chrono Boost)  
  37  4:06  Probe (Chrono Boost)  
  38  4:12  Sentry  
  38  4:13  Stalker  
  38  4:15  Probe  
  43  4:17  Warp Prism (Chrono Boost)  
  43  4:23  Probe  
  43  4:24  Phoenix  
  46  4:31  Probe  
  47  4:35  Probe  
  44  4:43  Probe  
  45  4:46  Observer (Chrono Boost)  
  45  4:47  Probe  
  47  4:55  Pylon, Probe  
  47  4:58  Immortal (Chrono Boost)  
  47  4:59  Probe  
  49  5:04  Twilight Council  
  53  5:11  Adept x2  
  57  5:14  Probe  
  57  5:18  Phoenix  
  58  5:23  Probe  
  58  5:26  Probe  
  60  5:36  Probe  
  60  5:37  Immortal  
  65  5:42  Pylon  
  65  5:44  Probe  
  65  5:47  Blink (Chrono Boost)  
  65  5:48  Nexus  
  66  5:50  Probe  
  67  5:57  Probe  
  67  6:02  Probe  
  69  6:04  Assimilator  
  69  6:09  Probe, Forge  
  70  6:11  Pylon  
  70  6:16  Probe  
  71  6:25  Probe  
  72  6:27  Gateway  
  72  6:28  Gateway, Probe  
  72  6:31  Pylon  
  73  6:37  Probe  
  73  6:38  Stalker x2  
  77  6:41  Protoss Ground Weapons Level 1 (Chrono Boost)  
  77  6:46  Probe  
  78  6:48  Immortal (Chrono Boost)  
  82  7:00  Probe  
  83  7:06  Probe  
  82  7:13  Probe  
  81  7:16  Stalker x2  
  81  7:21  Probe x2  
  81  7:22  Stalker x2  
  91  7:33  Gateway, Probe  
  91  7:34  Gateway  
  91  7:35  Gateway  
  92  7:37  Gateway  
  92  7:38  Pylon, Charge  
  92  7:48  Stalker x3  
  92  7:50  Stalker  
  96  8:04  Observer  
  88  8:11  Stalker x3  
  86  8:16  Zealot  
  86  8:19  Probe x3  
  91  8:20  Photon Cannon  
  91  8:21  Shield Battery  
  88  8:40  Probe x3  
  87  8:56  Probe x2  
  87  8:59  Zealot x8  
  105  9:06  Protoss Ground Weapons Level 2 (Chrono Boost)  
  99  9:13  Warp Prism (Chrono Boost)  
  97  9:24  Sentry, Zealot x6  
  97  9:25  Zealot  
  97  9:30  Pylon  
  113  9:31  Pylon  
  113  9:34  Nexus  
  113  9:35  Templar Archives  
  113  9:37  Photon Cannon  
  113  9:43  Observer  
  114  9:47  Zealot  
  114  9:49  Zealot x4  
  124  9:53  Zealot x2  
  124  9:56  Zealot  
  130  10:17  Zealot x3  
  130  10:35  Pylon  
  130  10:36  Pylon  
  130  10:44  Stalker  
  130  10:45  Stalker x7  
  130  11:08  Stalker  

Tags
 
Add a new tag
Caveats
  • Supply blocks, unpowered buildings, or Contaminate may cause inaccurate times.
  • Supply counts are checked every 10 seconds.